Little Stars vs Mustangs (R1)

Created - May 10, 2017 at 23:46

Goals
1 2 3 T
Little Stars 3 1 1 5
Mustangs 0 3 4 7
Shots
1 2 3 T
Little Stars 14 11 4 29
Mustangs 6 11 17 34

1st period

1. Little Stars , Alex Chiasson 41 (Marcus Johansson 50) at 3:52 (PP)
2. Little Stars , Jesse Joensuu 24 (Hugh Jessiman 30, Niklas Hjalmarsson 30) at 12:42
3. Little Stars , Alexander Vasyunov 8 (Niklas Hjalmarsson 31, T.J. Tynan 6) at 15:49

Penalties :
Josh Jooris (Ham) for Hooking (Minor) at 3:06, Conor Allen (Tex) for Hooking (Minor) at 19:30

2nd period

4. Mustangs , Rick Schofield 20 (Eric Wellwood 54, Denis Bodrov 32) at 10:15 (PP)
5. Mustangs , Andrew Shaw 4 (Denis Bodrov 33, Eric Wellwood 55) at 11:10
6. Mustangs , Ben Eager 24 (Josh Jooris 14, Riley Armstrong 79) at 15:51
7. Little Stars , Marcus Johansson 45 (Raphael Diaz 59, Brian Flynn 44) at 15:59

Penalties :
Joshua Leivo (Ham) for Roughing (Minor) at 5:24, James Livingstone (Tex) for Slashing (Minor) at 8:49, Josh Jooris (Ham) for Hooking (Minor) at 16:02, T.J. Tynan (Tex) for Roughing (Minor) at 19:45

3rd period

8. Mustangs , Rick Schofield 21 (Joe Finley 11, Eric Wellwood 56) at 3:26 (PP)
9. Little Stars , Alexander Vasyunov 9 (Raphael Diaz 60, Mathieu Roy 27) at 10:38
10. Mustangs , Denis Bodrov 4 (Riley Armstrong 80, Ben Eager 26) at 13:56 (PP)
11. Mustangs , Denis Bodrov 5 (Ben Eager 27, Riley Armstrong 81) at 15:31 (PP)
12. Mustangs , Josh Jooris 7 (Ben Eager 28, Alexei Marchenko 16) at 19:16 (Empty Net)

Penalties :
Tyson Barrie (Tex) for Tripping (Minor) at 1:54, Jesse Joensuu (Tex) for Interference (Minor) at 6:27, Jesse Joensuu (Tex) for Hooking (Minor) at 11:14, Andrej Nestrasil (Tex) for Tripping (Minor) at 13:47, Jesper Fast (Tex) for Roughing (Minor) at 15:20, Andrew Shaw (Ham) for Hooking (Minor) at 15:53

Goalie Stats

Peter Budaj (Tex), 27 saves from 33 shots - (0.818), L, 22-21-6, 59:49 minutes
Peter Mannino (Ham), 24 saves from 29 shots - (0.828), W, 27-20-8, 60:00 minutes

Players Stats for Little Stars

Player Name              G  A  P  +/- PIM S  H  SB GA TA FO     MP     PP MP  PK MP  
------------------------------------------------------------------------------------
Alex Chiasson            1  0  1   0  0   4  1  1  0  0  0/0    23:52   3:34   6:50 
Alexander Vasyunov       2  0  2   2  0   2  0  1  0  0  1/1     8:54   0:00   1:45 
Andrej Nestrasil         0  0  0  -1  2   3  1  0  0  0  4/9     9:58   0:00   0:00 
Brian Flynn              0  1  1   0  0   5  0  0  0  1  10/27  19:51   3:34   3:03 
Conor Allen              0  0  0   0  2   0  1  0  0  0  0/0     3:23   0:00   0:00 
Dana Tyrell              0  0  0   0  0   0  3  0  0  0  5/10   14:34   2:53   0:00 
Hugh Jessiman            0  1  1   0  0   1  0  0  0  0  1/1    17:39   2:53   3:03 
James Livingstone        0  0  0   2  2   0  0  0  0  0  0/0     6:30   0:00   0:00 
Jesper Fast              0  0  0  -1  2   1  1  0  0  0  1/1    10:14   0:16   0:00 
Jesse Joensuu            1  0  1   0  4   3  0  3  1  0  0/1    15:57   2:53   0:47 
Marcus Johansson         1  1  2   0  0   1  3  2  1  1  7/14   23:34   3:38   6:44 
Mathieu Roy              0  1  1   1  0   3  5  2  0  1  0/0    26:35   3:43   6:55 
Niklas Hjalmarsson       0  2  2   0  0   1  1  1  0  2  0/0    20:07   3:00   4:19 
Phil Oreskovic           0  0  0   0  0   2  2  0  1  3  0/0    20:07   3:00   4:19 
Raphael Diaz             0  2  2   1  0   3  1  4  0  2  0/0    29:57   3:43   6:55 
Robert Klinkhammer       0  0  0  -1  0   0  0  0  0  0  1/1    10:41   0:28   0:14 
T.J. Tynan               0  1  1   2  2   0  0  0  0  0  1/2     6:54   0:00   0:02 
Tyson Barrie             0  0  0   0  2   0  0  0  0  0  0/0     9:55   0:00   0:00 
Yannick Weber            0  0  0   0  0   0  0  2  0  1  0/0     9:56   0:00   0:00 

Players Stats for Mustangs

Player Name              G  A  P  +/- PIM S  H  SB GA TA FO     MP     PP MP  PK MP  
------------------------------------------------------------------------------------
Alexei Marchenko         0  1  1   0  0   0  1  1  0  1  0/0    10:48   0:00   0:00 
Andrew Shaw              1  0  1   1  2   1  1  0  0  0  0/2     9:55   0:00   0:00 
Ben Eager                1  3  4   0  0   4  1  1  3  0  3/4    23:12   5:50   3:38 
Denis Bodrov             2  2  4   1  0   4  2  1  0  0  0/0    28:04   5:28   3:46 
Eric Gryba               0  0  0   1  0   2  5  3  0  1  0/0    28:04   5:28   3:46 
Eric Wellwood            0  3  3  -1  0   0  2  1  3  1  0/1    18:56   5:24   2:35 
Francis Paré             0  0  0  -1  0   2  1  0  0  0  0/0     6:23   0:00   0:00 
Jerome Samson            0  0  0  -1  0   1  1  0  0  0  0/0    16:27   5:24   0:00 
Jim O'Brien              0  0  0   2  0   0  0  0  0  0  3/4    11:05   0:00   0:19 
Joe Finley               0  1  1  -2  0   1  0  0  0  0  0/0    21:08   5:46   2:57 
Josh Jooris              1  1  2   0  4   6  2  0  0  0  1/3    20:12   5:50   0:00 
Joshua Leivo             0  0  0  -1  2   0  0  0  0  0  0/0     6:39   0:00   0:00 
Marcus Foligno           0  0  0   1  0   2  0  0  3  0  1/1    11:59   0:00   1:48 
Mark Pysyk               0  0  0  -2  0   0  0  0  0  0  0/0    21:08   5:46   2:57 
Rick Schofield           2  0  2  -1  0   4  1  0  1  0  4/10   16:27   5:24   0:00 
Riley Armstrong          0  3  3  -1  0   4  2  0  0  0  22/38  23:33   5:50   3:46 
Riley Nash               0  0  0  -1  0   2  0  0  1  0  2/4     8:25   0:00   1:20 
Scott Mayfield           0  0  0   0  0   1  0  1  0  0  0/0    10:48   0:00   0:00 

3 Stars

1 - Denis Bodrov (Ham)
2 - Ben Eager (Ham)
3 - Alexander Vasyunov (Tex)

Power Play

Little Stars - 1 on 4 Attempt(s) - 25.00%
Mustangs - 4 on 8 Attempt(s) - 50.00%

Penalty Kill

Little Stars - 4 on 8 Attempt(s) - 50.00% - Score 0 goal in Penalty Kill
Mustangs - 3 on 4 Attempt(s) - 75.00% - Score 0 goal in Penalty Kill

Team Stat

Little Stars - Hits : 19 - Faceoff Wins : 31 - Blocked Shots : 16 - Penalty Minutes : 16
Mustangs - Hits : 19 - Faceoff Wins : 36 - Blocked Shots : 8 - Penalty Minutes : 8

Official

Referees : Dwyer Gord and Marouelli Dan
Linesman : Scott Cherrey and Steve Barton

Game Notes

10:38 of 3rd period - Little Stars goal is going for a video replay. After video review, Goal.
Josh Jooris has scored in a empty net!

Finance

Level 1 -- Attendance: 1413 (70.65%) -- Ticket Income $56,520
Level 2 -- Attendance: 768 (76.80%) -- Ticket Income $15,360
Total Attendance: 2181 (72.70%)
Total Ticket Income: $71,880
Other Income: $3,594
Total Income: $75,474

Little Stars

5 vs 5 Forward 
   Center                   Left Wing                Right Wing               Time % Phy DF OF 
 1 Brian Flynn              Marcus Johansson         Alex Chiasson            40     1   2  2  
 2 Dana Tyrell              Jesse Joensuu            Hugh Jessiman            30     1   2  2  
 3 Andrej Nestrasil         Robert Klinkhammer       Jesper Fast              20     1   2  2  
 4 T.J. Tynan               Alexander Vasyunov       James Livingstone        10     1   2  2  

5 vs 5 Defense 
   Defense                  Defense                                           Time % Phy DF OF 
 1 Raphael Diaz             Mathieu Roy                                       40     1   2  2  
 2 Niklas Hjalmarsson       Phil Oreskovic                                    30     1   2  2  
 3 Yannick Weber            Tyson Barrie                                      20     1   2  2  
 4 Conor Allen              Raphael Diaz                                      10     1   2  2  

PowerPlay Forward 
   Center                   Left Wing                Right Wing               Time % Phy DF OF 
 1 Brian Flynn              Marcus Johansson         Alex Chiasson            60     1   2  2  
 2 Dana Tyrell              Jesse Joensuu            Hugh Jessiman            40     1   2  2  

PowerPlay Defense
   Defense                  Defense                                           Time % Phy DF OF 
 1 Raphael Diaz             Mathieu Roy                                       60     1   2  2  
 2 Niklas Hjalmarsson       Phil Oreskovic                                    40     1   2  2  

Penalty Kill 4 Players Forward 
   Center                   Wing                     Time % Phy DF OF 
 1 Marcus Johansson         Alex Chiasson            60     1   2  2  
 2 Hugh Jessiman            Brian Flynn              40     1   2  2  

Penalty Kill 4 Players Defense
   Defense                  Defense                  Time % Phy DF OF 
 1 Raphael Diaz             Mathieu Roy              60     1   2  2  
 2 Niklas Hjalmarsson       Phil Oreskovic           40     1   2  2  

Penalty Kill - 3 Players Forward 
   Forward                                           Time % Phy DF OF 
 1 Marcus Johansson                                  60     1   2  2  
 2 Alex Chiasson                                     40     1   2  2  

Penalty Kill - 3 Players Defense
   Defense                  Defense                  Time % Phy DF OF 
 1 Raphael Diaz             Mathieu Roy              60     1   2  2  
 2 Niklas Hjalmarsson       Phil Oreskovic           40     1   2  2  

4 vs 4 Forward 
   Center                   Wing                     Time % Phy DF OF 
 1 Marcus Johansson         Alex Chiasson            60     1   2  2  
 2 Hugh Jessiman            Brian Flynn              40     1   2  2  

4 vs 4 Defense
   Defense                  Defense                  Time % Phy DF OF 
 1 Raphael Diaz             Mathieu Roy              60     1   2  2  
 2 Niklas Hjalmarsson       Phil Oreskovic           40     1   2  2  

Last Minutes Offensive
   Center                   Left Wing                Right Wing               Defense                  Defense                  
   Brian Flynn              Marcus Johansson         Alex Chiasson            Raphael Diaz             Mathieu Roy              

Last Minutes Defensive
   Center                   Left Wing                Right Wing               Defense                  Defense                  
   Brian Flynn              Marcus Johansson         Alex Chiasson            Raphael Diaz             Mathieu Roy              

Goaltenders
Starting : Peter Budaj              
Backup : Peter Delmas             

Extra Forwards
Normal : Robert Klinkhammer, Jesper Fast, Alexander Vasyunov - PP : Robert Klinkhammer, Jesper Fast - PK : Alexander Vasyunov
Extra Defensemen
Normal : Yannick Weber, Tyson Barrie, Conor Allen - PP : Yannick Weber - PK : Tyson Barrie, Conor Allen
Penalty Shots
Marcus Johansson, Alex Chiasson, Hugh Jessiman, Brian Flynn, Dana Tyrell

Scratches
Michael Mersch (Healthy), Connor Brickley (Healthy), Oscar Lindberg (Healthy), Scott Harrington (Healthy), Alexander Guptill (Healthy)
Tyler Wotherspoon (Healthy), Tom Kuhnhackl (Healthy), Alexander Khokhlachev (Healthy), Anthony Camara (Healthy), Daniel Catenacci (Healthy)
Duncan Siemens (Healthy), Dillon Simpson (Healthy), Laurent Brossoit (Healthy)

Mustangs

5 vs 5 Forward 
   Center                   Left Wing                Right Wing               Time % Phy DF OF 
 1 Riley Armstrong          Ben Eager                Josh Jooris              40     1   2  2  
 2 Rick Schofield           Eric Wellwood            Jerome Samson            30     1   2  2  
 3 Jim O'Brien              Marcus Foligno           Andrew Shaw              20     1   2  2  
 4 Riley Nash               Joshua Leivo             Francis Paré             10     1   2  2  

5 vs 5 Defense 
   Defense                  Defense                                           Time % Phy DF OF 
 1 Eric Gryba               Denis Bodrov                                      40     1   2  2  
 2 Joe Finley               Mark Pysyk                                        30     1   2  2  
 3 Alexei Marchenko         Scott Mayfield                                    20     1   2  2  
 4 Eric Gryba               Denis Bodrov                                      10     1   2  2  

PowerPlay Forward 
   Center                   Left Wing                Right Wing               Time % Phy DF OF 
 1 Riley Armstrong          Ben Eager                Josh Jooris              60     1   2  2  
 2 Rick Schofield           Eric Wellwood            Jerome Samson            40     1   2  2  

PowerPlay Defense
   Defense                  Defense                                           Time % Phy DF OF 
 1 Eric Gryba               Denis Bodrov                                      60     1   2  2  
 2 Joe Finley               Mark Pysyk                                        40     1   2  2  

Penalty Kill 4 Players Forward 
   Center                   Wing                     Time % Phy DF OF 
 1 Riley Armstrong          Ben Eager                60     1   2  2  
 2 Eric Wellwood            Marcus Foligno           40     1   2  2  

Penalty Kill 4 Players Defense
   Defense                  Defense                  Time % Phy DF OF 
 1 Eric Gryba               Denis Bodrov             60     1   2  2  
 2 Joe Finley               Mark Pysyk               40     1   2  2  

Penalty Kill - 3 Players Forward 
   Forward                                           Time % Phy DF OF 
 1 Riley Armstrong                                   60     1   2  2  
 2 Ben Eager                                         40     1   2  2  

Penalty Kill - 3 Players Defense
   Defense                  Defense                  Time % Phy DF OF 
 1 Eric Gryba               Denis Bodrov             60     1   2  2  
 2 Joe Finley               Mark Pysyk               40     1   2  2  

4 vs 4 Forward 
   Center                   Wing                     Time % Phy DF OF 
 1 Riley Armstrong          Ben Eager                60     1   2  2  
 2 Eric Wellwood            Marcus Foligno           40     1   2  2  

4 vs 4 Defense
   Defense                  Defense                  Time % Phy DF OF 
 1 Eric Gryba               Denis Bodrov             60     1   2  2  
 2 Joe Finley               Mark Pysyk               40     1   2  2  

Last Minutes Offensive
   Center                   Left Wing                Right Wing               Defense                  Defense                  
   Riley Armstrong          Ben Eager                Josh Jooris              Eric Gryba               Denis Bodrov             

Last Minutes Defensive
   Center                   Left Wing                Right Wing               Defense                  Defense                  
   Riley Armstrong          Ben Eager                Josh Jooris              Eric Gryba               Denis Bodrov             

Goaltenders
Starting : Peter Mannino            
Backup : Chet Pickard             

Extra Forwards
Normal : Jim O'Brien, Andrew Shaw, Riley Nash - PP : Jim O'Brien, Andrew Shaw - PK : Riley Nash
Extra Defensemen
Normal : Alexei Marchenko, Scott Mayfield, Joe Finley - PP : Alexei Marchenko - PK : Scott Mayfield, Joe Finley
Penalty Shots
Riley Armstrong, Ben Eager, Eric Wellwood, Marcus Foligno, Rick Schofield

Scratches
Roman Horak (Healthy), J.T. Wyman (Right Wrist Injury), Dominik Uher (Healthy), Eric Knodel (Healthy), Curtis Hamilton (Healthy)
Danny Biega (Healthy), Ryan Keller (Strained Left Elbow Injury), Cameron Gaunce (Sprained Left Ankle Injury), Justin Peters (Healthy), Joacim Eriksson (Healthy)

% Time on Ice - Little Stars

Lines # - Real PCT - Wanted PCT - Time Play
Normal Forward
1 - 32% - 40% - 13:25
2 - 28% - 30% - 11:43
3 - 24% - 20% - 9:59
4 - 16% - 10% - 6:31
Normal Defense
1 - 37% - 40% - 15:32
2 - 31% - 30% - 12:48
3 - 24% - 20% - 9:56
4 - 8% - 10% - 3:22
PP Forward
1 - 57% - 60% - 3:50
2 - 43% - 40% - 2:53
PP Defense
1 - 55% - 60% - 3:43
2 - 45% - 40% - 3:00
PK Forward
1 - 73% - 60% - 8:11
2 - 27% - 40% - 3:03
PK Defense
1 - 62% - 60% - 6:55
2 - 38% - 40% - 4:19
PK3 Forward
1 - 0% - 60%
2 - 0% - 40%
PK3 Defense
1 - 0% - 60%
2 - 0% - 40%
44 Forward
1 - 0% - 60%
2 - 0% - 40%
44 Defense
1 - 0% - 60%
2 - 0% - 40%
Last Minute Offensive  - 0:25
Last Minute Defensive  - 0:00
Total
Forward - 60:00
Defense - 60:00

% Time on Ice - Mustangs

Lines # - Real PCT - Wanted PCT - Time Play
Normal Forward
1 - 35% - 40% - 14:37
2 - 27% - 30% - 11:03
3 - 23% - 20% - 9:31
4 - 15% - 10% - 6:23
Normal Defense
1 - 43% - 40% - 17:51
2 - 30% - 30% - 12:25
3 - 25% - 20% - 10:19
4 - 2% - 10% - 0:59
PP Forward
1 - 52% - 60% - 5:50
2 - 48% - 40% - 5:24
PP Defense
1 - 49% - 60% - 5:28
2 - 51% - 40% - 5:46
PK Forward
1 - 78% - 60% - 5:14
2 - 22% - 40% - 1:29
PK Defense
1 - 56% - 60% - 3:46
2 - 44% - 40% - 2:57
PK3 Forward
1 - 0% - 60%
2 - 0% - 40%
PK3 Defense
1 - 0% - 60%
2 - 0% - 40%
44 Forward
1 - 0% - 60%
2 - 0% - 40%
44 Defense
1 - 0% - 60%
2 - 0% - 40%
Last Minute Offensive  - 0:00
Last Minute Defensive  - 0:29
Total
Forward - 60:00
Defense - 60:00

Play by Play

1st period


0:01 of 1st period - Brian Flynn wins face-off versus Josh Jooris in neutral zone.
0:06 of 1st period - Slapshot by Alex Chiasson.
0:06 of 1st period - Shot Misses the Net.
0:08 of 1st period - Wrist shot by Raphael Diaz.
0:08 of 1st period - Shot Blocked by Denis Bodrov.
0:38 of 1st period - Snap shot by Rick Schofield.
0:38 of 1st period - Deflect By Jerome Samson.
0:38 of 1st period - Stopped by Peter Budaj with a rebound.
1:16 of 1st period - Snap shot by Niklas Hjalmarsson.
1:16 of 1st period - Stopped by Peter Mannino without a rebound.
1:17 of 1st period - Marcus Johansson wins face-off versus Riley Armstrong in Mustangs zone.
1:20 of 1st period - Wrist shot by Brian Flynn.
1:20 of 1st period - Stopped by Peter Mannino without a rebound.
1:21 of 1st period - Ben Eager wins face-off versus Brian Flynn in Mustangs zone.
2:34 of 1st period - Off-side.
2:35 of 1st period - Riley Armstrong wins face-off versus Dana Tyrell in neutral zone.
2:38 of 1st period - Wrist shot by Ben Eager.
2:38 of 1st period - Shot Misses the Net.
2:46 of 1st period - Snap shot by Jesse Joensuu.
2:46 of 1st period - Stopped by Peter Mannino without a rebound.
2:47 of 1st period - Brian Flynn wins face-off versus Riley Armstrong in Mustangs zone.
3:06 of 1st period - Minor Penalty to Josh Jooris for Hooking.
3:07 of 1st period - Riley Armstrong wins face-off versus Brian Flynn in Mustangs zone.
3:17 of 1st period - Wrist shot by Alex Chiasson.
3:17 of 1st period - Shot Blocked by Eric Gryba.
3:39 of 1st period - Off-side.
3:40 of 1st period - Riley Armstrong wins face-off versus Brian Flynn in neutral zone.
3:47 of 1st period - Ben Eager is hit by Phil Oreskovic and loses puck.
3:52 of 1st period - Slapshot by Alex Chiasson.
3:52 of 1st period - Goal by Alex Chiasson - Little Stars : 1 - Mustangs : 0.
3:53 of 1st period - Brian Flynn wins face-off versus Eric Wellwood in neutral zone.
3:58 of 1st period - Wrist shot by Alex Chiasson.
3:58 of 1st period - Stopped by Peter Mannino with a rebound.
4:00 of 1st period - Slapshot by Brian Flynn.
4:00 of 1st period - Stopped by Peter Mannino without a rebound.
4:01 of 1st period - Rick Schofield wins face-off versus Brian Flynn in Mustangs zone.
4:58 of 1st period - Slapshot by Alex Chiasson.
4:58 of 1st period - Shot Misses the Net.
5:06 of 1st period - Wrist shot by Alex Chiasson.
5:06 of 1st period - Shot Blocked by Scott Mayfield.
5:19 of 1st period - Snap shot by Alex Chiasson.
5:19 of 1st period - Shot Blocked by Eric Wellwood.
5:21 of 1st period - Slapshot by Mathieu Roy.
5:21 of 1st period - Stopped by Peter Mannino without a rebound.
5:22 of 1st period - Dana Tyrell wins face-off versus Josh Jooris in Mustangs zone.
5:35 of 1st period - Wrist shot by Hugh Jessiman.
5:35 of 1st period - Shot Misses the Net.
5:37 of 1st period - Slapshot by Phil Oreskovic.
5:37 of 1st period - Stopped by Peter Mannino with a rebound.
5:47 of 1st period - Niklas Hjalmarsson is hit by Eric Gryba and loses puck.
6:26 of 1st period - Snap shot by Marcus Foligno.
6:26 of 1st period - Stopped by Peter Budaj without a rebound.
6:27 of 1st period - Dana Tyrell wins face-off versus Riley Armstrong in Little Stars zone.
7:18 of 1st period - Slapshot by Riley Nash.
7:18 of 1st period - Shot Misses the Net.
7:20 of 1st period - Slapshot by Scott Mayfield.
7:20 of 1st period - Stopped by Peter Budaj without a rebound.
7:21 of 1st period - Dana Tyrell wins face-off versus Ben Eager in Little Stars zone.
7:46 of 1st period - Mathieu Roy is hit by Denis Bodrov and loses puck.
8:15 of 1st period - Wrist shot by Andrej Nestrasil.
8:15 of 1st period - Stopped by Peter Mannino with a rebound.
8:59 of 1st period - Jesse Joensuu is hit by Eric Gryba.
9:14 of 1st period - Marcus Johansson is hit by Denis Bodrov and loses puck.
9:19 of 1st period - Wrist shot by Ben Eager.
9:19 of 1st period - Deflect By Josh Jooris.
9:19 of 1st period - Stopped by Peter Budaj with a rebound.
9:21 of 1st period - Slapshot by Alexei Marchenko.
9:21 of 1st period - Shot Misses the Net.
10:12 of 1st period - Slapshot by Alexander Vasyunov.
10:12 of 1st period - Deflect By Jesse Joensuu.
10:12 of 1st period - Shot Misses the Net.
10:12 of 1st period - Puck is out of play.
10:13 of 1st period - Riley Armstrong wins face-off versus Dana Tyrell in Mustangs zone.
11:16 of 1st period - Snap shot by Riley Armstrong.
11:16 of 1st period - Stopped by Peter Budaj with a rebound.
11:30 of 1st period - Scott Mayfield is hit by Niklas Hjalmarsson and loses puck.
11:47 of 1st period - Ben Eager is hit by Dana Tyrell and loses puck.
12:08 of 1st period - Snap shot by Riley Armstrong.
12:08 of 1st period - Shot Misses the Net.
12:18 of 1st period - Snap shot by Hugh Jessiman.
12:18 of 1st period - Stopped by Peter Mannino with a rebound.
12:42 of 1st period - Wrist shot by Jesse Joensuu.
12:42 of 1st period - Goal by Jesse Joensuu - Little Stars : 2 - Mustangs : 0.
12:43 of 1st period - Brian Flynn wins face-off versus Rick Schofield in neutral zone.
12:52 of 1st period - Jerome Samson is hit by Mathieu Roy and loses puck.
13:16 of 1st period - Eric Gryba is hit by Jesper Fast and loses puck.
13:28 of 1st period - Off-side.
13:29 of 1st period - Riley Nash wins face-off versus T.J. Tynan in neutral zone.
13:55 of 1st period - Raphael Diaz is hit by Eric Wellwood and loses puck.
14:02 of 1st period - Slapshot by Eric Wellwood.
14:02 of 1st period - Shot Misses the Net.
14:04 of 1st period - Snap shot by Rick Schofield.
14:04 of 1st period - Stopped by Peter Budaj without a rebound.
14:05 of 1st period - Rick Schofield wins face-off versus Andrej Nestrasil in Little Stars zone.
14:14 of 1st period - Denis Bodrov is hit by Andrej Nestrasil and loses puck.
14:42 of 1st period - Denis Bodrov is hit by Conor Allen and loses puck.
15:41 of 1st period - Off-side.
15:42 of 1st period - T.J. Tynan wins face-off versus Rick Schofield in neutral zone.
15:49 of 1st period - Slapshot by Alexander Vasyunov.
15:49 of 1st period - Goal by Alexander Vasyunov - Little Stars : 3 - Mustangs : 0.
15:50 of 1st period - Brian Flynn wins face-off versus Riley Armstrong in neutral zone.
15:57 of 1st period - Snap shot by Alex Chiasson.
15:57 of 1st period - Stopped by Peter Mannino with a rebound.
16:15 of 1st period - Slapshot by Jesse Joensuu.
16:15 of 1st period - Shot Misses the Net.
16:17 of 1st period - Slapshot by Hugh Jessiman.
16:17 of 1st period - Shot Blocked by Eric Gryba.
16:19 of 1st period - Wrist shot by Hugh Jessiman.
16:19 of 1st period - Shot Misses the Net.
16:42 of 1st period - Wrist shot by Riley Armstrong.
16:42 of 1st period - Shot Hit the Post.
16:50 of 1st period - Snap shot by Jesse Joensuu.
16:50 of 1st period - Stopped by Peter Mannino without a rebound.
16:51 of 1st period - Brian Flynn wins face-off versus Rick Schofield in Mustangs zone.
18:00 of 1st period - Wrist shot by Hugh Jessiman.
18:00 of 1st period - Deflect By Jesse Joensuu.
18:00 of 1st period - Shot Blocked by Alexei Marchenko.
18:00 of 1st period - Puck is out of play.
18:01 of 1st period - Jim O'Brien wins face-off versus Jesse Joensuu in Mustangs zone.
18:08 of 1st period - Snap shot by Marcus Foligno.
18:08 of 1st period - Shot Misses the Net.
18:29 of 1st period - Niklas Hjalmarsson is hit by Eric Gryba and loses puck.
19:30 of 1st period - Minor Penalty to Conor Allen for Hooking.
19:31 of 1st period - Marcus Johansson wins face-off versus Riley Armstrong in Little Stars zone.
19:45 of 1st period - Wrist shot by Ben Eager.
19:45 of 1st period - Shot Misses the Net.
19:47 of 1st period - Slapshot by Mark Pysyk.
19:47 of 1st period - Shot Misses the Net.
Goals for this period are 3 for Little Stars vs 0 for Mustangs.
Shots for this period are 14 for Little Stars vs 6 for Mustangs.

2nd period


0:01 of 2nd period - Marcus Johansson wins face-off versus Riley Armstrong in neutral zone.
0:04 of 2nd period - Josh Jooris is hit by Raphael Diaz.
0:08 of 2nd period - Snap shot by Riley Armstrong.
0:08 of 2nd period - Shot Blocked by Mathieu Roy.
0:39 of 2nd period - Slapshot by Rick Schofield.
0:39 of 2nd period - Shot Misses the Net.
0:41 of 2nd period - Slapshot by Mark Pysyk.
0:41 of 2nd period - Shot Blocked by Raphael Diaz.
1:30 of 2nd period - Penalty to Conor Allen is over, Conor Allen is back on ice.
1:44 of 2nd period - Jesper Fast is hit by Eric Gryba and loses puck.
1:57 of 2nd period - Francis Paré is hit by Dana Tyrell and loses puck.
2:06 of 2nd period - Snap shot by Riley Nash.
2:06 of 2nd period - Deflect By Francis Paré.
2:06 of 2nd period - Shot Hit the Post.
2:06 of 2nd period - Puck is out of play.
2:07 of 2nd period - Andrej Nestrasil wins face-off versus Rick Schofield in Little Stars zone.
2:33 of 2nd period - Off-side.
2:34 of 2nd period - Marcus Foligno wins face-off versus Brian Flynn in neutral zone.
2:37 of 2nd period - Snap shot by Jim O'Brien.
2:37 of 2nd period - Deflect By Andrew Shaw.
2:37 of 2nd period - Shot Misses the Net.
2:37 of 2nd period - Puck is out of play.
2:38 of 2nd period - Riley Armstrong wins face-off versus Brian Flynn in Little Stars zone.
3:40 of 2nd period - Slapshot by Andrej Nestrasil.
3:40 of 2nd period - Stopped by Peter Mannino with a rebound.
3:58 of 2nd period - Slapshot by Denis Bodrov.
3:58 of 2nd period - Shot Blocked by Raphael Diaz.
4:00 of 2nd period - Snap shot by Denis Bodrov.
4:00 of 2nd period - Stopped by Peter Budaj without a rebound.
4:01 of 2nd period - Riley Armstrong wins face-off versus Brian Flynn in Little Stars zone.
4:10 of 2nd period - Snap shot by Ben Eager.
4:10 of 2nd period - Shot Hit the Post.
4:12 of 2nd period - Slapshot by Josh Jooris.
4:12 of 2nd period - Deflect By Riley Armstrong.
4:12 of 2nd period - Shot Blocked by Alex Chiasson.
4:12 of 2nd period - Puck is out of play.
4:13 of 2nd period - Brian Flynn wins face-off versus Riley Armstrong in Little Stars zone.
4:30 of 2nd period - Ben Eager is hit by Phil Oreskovic and loses puck.
5:24 of 2nd period - Minor Penalty to Joshua Leivo for Roughing.
5:25 of 2nd period - Riley Armstrong wins face-off versus Dana Tyrell in Mustangs zone.
6:01 of 2nd period - Mark Pysyk is hit by Marcus Johansson and loses puck.
6:24 of 2nd period - Wrist shot by Eric Wellwood.
6:24 of 2nd period - Shot Blocked by Niklas Hjalmarsson.
6:47 of 2nd period - Off-side.
6:48 of 2nd period - Robert Klinkhammer wins face-off versus Riley Nash in neutral zone.
7:24 of 2nd period - Penalty to Joshua Leivo is over, Joshua Leivo is back on ice.
7:40 of 2nd period - Snap shot by Riley Nash.
7:40 of 2nd period - Stopped by Peter Budaj without a rebound.
7:41 of 2nd period - Rick Schofield wins face-off versus Andrej Nestrasil in Little Stars zone.
8:07 of 2nd period - Eric Gryba is hit by Marcus Johansson and loses puck.
8:49 of 2nd period - Minor Penalty to James Livingstone for Slashing.
8:50 of 2nd period - Marcus Johansson wins face-off versus Riley Armstrong in Little Stars zone.
8:50 of 2nd period - Marcus Johansson is hit by Josh Jooris.
8:55 of 2nd period - Denis Bodrov is hit by Alex Chiasson and loses puck.
9:16 of 2nd period - Slapshot by Eric Wellwood.
9:16 of 2nd period - Deflect By Rick Schofield.
9:16 of 2nd period - Shot Misses the Net.
9:16 of 2nd period - Puck is out of play.
9:17 of 2nd period - Rick Schofield wins face-off versus Marcus Johansson in Little Stars zone.
9:18 of 2nd period - Wrist shot by Eric Wellwood.
9:18 of 2nd period - Shot Misses the Net.
9:22 of 2nd period - Snap shot by Rick Schofield.
9:22 of 2nd period - Stopped by Peter Budaj without a rebound.
9:23 of 2nd period - Marcus Johansson wins face-off versus Riley Armstrong in Little Stars zone.
9:34 of 2nd period - Slapshot by Denis Bodrov.
9:34 of 2nd period - Stopped by Peter Budaj without a rebound.
9:35 of 2nd period - Riley Armstrong wins face-off versus Marcus Johansson in Little Stars zone.
10:02 of 2nd period - Mathieu Roy is hit by Jerome Samson and loses puck.
10:15 of 2nd period - Wrist shot by Rick Schofield.
10:15 of 2nd period - Goal by Rick Schofield - Little Stars : 3 - Mustangs : 1.
10:16 of 2nd period - Josh Jooris wins face-off versus Brian Flynn in neutral zone.
10:28 of 2nd period - Backhand shot by Ben Eager.
10:28 of 2nd period - Deflect By Riley Armstrong.
10:28 of 2nd period - Stopped by Peter Budaj with a rebound.
10:30 of 2nd period - Slapshot by Josh Jooris.
10:30 of 2nd period - Stopped by Peter Budaj with a rebound.
10:46 of 2nd period - Snap shot by Dana Tyrell.
10:46 of 2nd period - Shot Misses the Net.
11:10 of 2nd period - Wrist shot by Andrew Shaw.
11:10 of 2nd period - Goal by Andrew Shaw - Little Stars : 3 - Mustangs : 2.
11:11 of 2nd period - Riley Armstrong wins face-off versus Brian Flynn in neutral zone.
11:14 of 2nd period - Brian Flynn is hit by Ben Eager and loses puck.
11:25 of 2nd period - Snap shot by Riley Armstrong.
11:25 of 2nd period - Shot Blocked by Raphael Diaz.
11:27 of 2nd period - Snap shot by Ben Eager.
11:27 of 2nd period - Shot Misses the Net.
11:37 of 2nd period - Eric Wellwood is hit by Dana Tyrell and loses puck.
11:44 of 2nd period - Backhand shot by Hugh Jessiman.
11:44 of 2nd period - Shot Misses the Net.
12:07 of 2nd period - Wrist shot by Marcus Foligno.
12:07 of 2nd period - Stopped by Peter Budaj without a rebound.
12:08 of 2nd period - Riley Armstrong wins face-off versus Brian Flynn in Little Stars zone.
12:59 of 2nd period - Slapshot by Phil Oreskovic.
12:59 of 2nd period - Stopped by Peter Mannino with a rebound.
13:03 of 2nd period - Snap shot by Andrej Nestrasil.
13:03 of 2nd period - Stopped by Peter Mannino without a rebound.
13:04 of 2nd period - Brian Flynn wins face-off versus Riley Armstrong in Mustangs zone.
13:42 of 2nd period - Slapshot by Raphael Diaz.
13:42 of 2nd period - Stopped by Peter Mannino with a rebound.
13:44 of 2nd period - Slapshot by Mathieu Roy.
13:44 of 2nd period - Stopped by Peter Mannino without a rebound.
13:45 of 2nd period - Jesper Fast wins face-off versus Riley Armstrong in Mustangs zone.
15:21 of 2nd period - Wrist shot by Ben Eager.
15:21 of 2nd period - Deflect By Josh Jooris.
15:21 of 2nd period - Stopped by Peter Budaj without a rebound.
15:22 of 2nd period - Riley Armstrong wins face-off versus Brian Flynn in Little Stars zone.
15:27 of 2nd period - Snap shot by Josh Jooris.
15:27 of 2nd period - Shot Misses the Net.
15:49 of 2nd period - Slapshot by Josh Jooris.
15:49 of 2nd period - Shot Blocked by Jesse Joensuu.
15:51 of 2nd period - Slapshot by Ben Eager.
15:51 of 2nd period - Goal by Ben Eager - Little Stars : 3 - Mustangs : 3.
15:52 of 2nd period - Brian Flynn wins face-off versus Riley Armstrong in neutral zone.
15:59 of 2nd period - Snap shot by Marcus Johansson.
15:59 of 2nd period - Goal by Marcus Johansson - Little Stars : 4 - Mustangs : 3.
16:00 of 2nd period - Riley Armstrong wins face-off versus Brian Flynn in neutral zone.
16:02 of 2nd period - Minor Penalty to Josh Jooris for Hooking.
16:03 of 2nd period - Ben Eager wins face-off versus Brian Flynn in Mustangs zone.
16:06 of 2nd period - Off-side.
16:07 of 2nd period - Riley Armstrong wins face-off versus Brian Flynn in neutral zone.
16:18 of 2nd period - Snap shot by Marcus Johansson.
16:18 of 2nd period - Shot Misses the Net.
16:20 of 2nd period - Wrist shot by Mathieu Roy.
16:20 of 2nd period - Stopped by Peter Mannino with a rebound.
16:22 of 2nd period - Slapshot by Brian Flynn.
16:22 of 2nd period - Shot Misses the Net.
18:01 of 2nd period - Marcus Foligno is hit by Marcus Johansson and loses puck.
18:02 of 2nd period - Penalty to Josh Jooris is over, Josh Jooris is back on ice.
18:27 of 2nd period - Snap shot by Brian Flynn.
18:27 of 2nd period - Stopped by Peter Mannino with a rebound.
18:29 of 2nd period - Snap shot by Brian Flynn.
18:29 of 2nd period - Stopped by Peter Mannino with a rebound.
18:35 of 2nd period - Backhand shot by Alex Chiasson.
18:35 of 2nd period - Shot Blocked by Eric Gryba.
18:37 of 2nd period - Snap shot by Brian Flynn.
18:37 of 2nd period - Shot Misses the Net.
18:39 of 2nd period - Snap shot by Alex Chiasson.
18:39 of 2nd period - Stopped by Peter Mannino with a rebound.
18:41 of 2nd period - Slapshot by Brian Flynn.
18:41 of 2nd period - Stopped by Peter Mannino without a rebound.
18:42 of 2nd period - Dana Tyrell wins face-off versus Rick Schofield in Mustangs zone.
19:32 of 2nd period - James Livingstone is hit by Alexei Marchenko and loses puck.
19:45 of 2nd period - Minor Penalty to T.J. Tynan for Roughing.
19:46 of 2nd period - Alexander Vasyunov wins face-off versus Riley Armstrong in Little Stars zone.
19:46 of 2nd period - Alexander Vasyunov is hit by Riley Armstrong.
Goals for this period are 1 for Little Stars vs 3 for Mustangs.
Shots for this period are 11 for Little Stars vs 11 for Mustangs.

3rd period


0:01 of 3rd period - Riley Armstrong wins face-off versus Marcus Johansson in neutral zone.
0:04 of 3rd period - Slapshot by Eric Gryba.
0:04 of 3rd period - Deflect By Alex Chiasson.
0:04 of 3rd period - Stopped by Peter Budaj with a rebound.
0:06 of 3rd period - Slapshot by Eric Gryba.
0:06 of 3rd period - Stopped by Peter Budaj without a rebound.
0:07 of 3rd period - Marcus Johansson wins face-off versus Riley Armstrong in Little Stars zone.
0:50 of 3rd period - Hugh Jessiman is hit by Rick Schofield and loses puck.
1:45 of 3rd period - Penalty to T.J. Tynan is over, T.J. Tynan is back on ice.
1:54 of 3rd period - Minor Penalty to Tyson Barrie for Tripping.
1:55 of 3rd period - Ben Eager wins face-off versus Marcus Johansson in Little Stars zone.
2:02 of 3rd period - Snap shot by Ben Eager.
2:02 of 3rd period - Stopped by Peter Budaj with a rebound.
2:04 of 3rd period - Snap shot by Josh Jooris.
2:04 of 3rd period - Stopped by Peter Budaj with a rebound.
2:25 of 3rd period - Icing by Eric Wellwood.
2:26 of 3rd period - Hugh Jessiman wins face-off versus Rick Schofield in Mustangs zone.
3:24 of 3rd period - Snap shot by Joe Finley.
3:24 of 3rd period - Stopped by Peter Budaj with a rebound.
3:26 of 3rd period - Wrist shot by Rick Schofield.
3:26 of 3rd period - Goal by Rick Schofield - Little Stars : 4 - Mustangs : 4.
3:27 of 3rd period - Riley Armstrong wins face-off versus Dana Tyrell in neutral zone.
3:59 of 3rd period - Alexei Marchenko is hit by Mathieu Roy.
4:43 of 3rd period - Eric Gryba is hit by Mathieu Roy.
5:39 of 3rd period - Snap shot by Francis Paré.
5:39 of 3rd period - Stopped by Peter Budaj with a rebound.
5:53 of 3rd period - Phil Oreskovic is hit by Riley Armstrong and loses puck.
6:00 of 3rd period - Tyson Barrie is hit by Josh Jooris and loses puck.
6:15 of 3rd period - Wrist shot by Andrew Shaw.
6:15 of 3rd period - Shot Blocked by Yannick Weber.
6:27 of 3rd period - Minor Penalty to Jesse Joensuu for Interference.
6:28 of 3rd period - Riley Armstrong wins face-off versus Marcus Johansson in Little Stars zone.
8:27 of 3rd period - Penalty to Jesse Joensuu is over, Jesse Joensuu is back on ice.
8:33 of 3rd period - Jesse Joensuu is hit by Francis Paré and loses puck.
8:42 of 3rd period - Wrist shot by Riley Nash.
8:42 of 3rd period - Stopped by Peter Budaj without a rebound.
8:43 of 3rd period - Jim O'Brien wins face-off versus Andrej Nestrasil in Little Stars zone.
9:05 of 3rd period - Icing by Yannick Weber.
9:06 of 3rd period - Riley Nash wins face-off versus Dana Tyrell in Little Stars zone.
9:15 of 3rd period - Slapshot by Francis Paré.
9:15 of 3rd period - Shot Blocked by Yannick Weber.
9:17 of 3rd period - Snap shot by Riley Nash.
9:17 of 3rd period - Shot Blocked by Jesse Joensuu.
10:11 of 3rd period - Mathieu Roy is hit by Eric Gryba and loses puck.
10:24 of 3rd period - Snap shot by Riley Nash.
10:24 of 3rd period - Shot Misses the Net.
10:34 of 3rd period - Snap shot by Mathieu Roy.
10:34 of 3rd period - Shot Misses the Net.
10:36 of 3rd period - Slapshot by Raphael Diaz.
10:36 of 3rd period - Stopped by Peter Mannino with a rebound.
10:38 of 3rd period - Slapshot by Raphael Diaz.
10:38 of 3rd period - Deflect By Alexander Vasyunov.
10:38 of 3rd period - Little Stars goal is going for a video replay.
10:38 of 3rd period - The goal is good.
10:38 of 3rd period - Goal by Alexander Vasyunov - Little Stars : 5 - Mustangs : 4.
10:39 of 3rd period - Riley Armstrong wins face-off versus Brian Flynn in neutral zone.
11:14 of 3rd period - Minor Penalty to Jesse Joensuu for Hooking.
11:15 of 3rd period - Marcus Johansson wins face-off versus Riley Armstrong in Little Stars zone.
13:14 of 3rd period - Penalty to Jesse Joensuu is over, Jesse Joensuu is back on ice.
13:24 of 3rd period - Slapshot by Riley Nash.
13:24 of 3rd period - Shot Blocked by Raphael Diaz.
13:26 of 3rd period - Slapshot by Scott Mayfield.
13:26 of 3rd period - Shot Blocked by Alexander Vasyunov.
13:28 of 3rd period - Slapshot by Alexei Marchenko.
13:28 of 3rd period - Shot Blocked by Jesse Joensuu.
13:30 of 3rd period - Slapshot by Riley Nash.
13:30 of 3rd period - Shot Blocked by Mathieu Roy.
13:32 of 3rd period - Slapshot by Francis Paré.
13:32 of 3rd period - Stopped by Peter Budaj without a rebound.
13:33 of 3rd period - Andrej Nestrasil wins face-off versus Andrew Shaw in Little Stars zone.
13:40 of 3rd period - Wrist shot by Jesper Fast.
13:40 of 3rd period - Stopped by Peter Mannino without a rebound.
13:41 of 3rd period - Andrej Nestrasil wins face-off versus Andrew Shaw in Mustangs zone.
13:47 of 3rd period - Minor Penalty to Andrej Nestrasil for Tripping.
13:48 of 3rd period - Riley Armstrong wins face-off versus Marcus Johansson in Little Stars zone.
13:50 of 3rd period - Wrist shot by Riley Armstrong.
13:50 of 3rd period - Stopped by Peter Budaj with a rebound.
13:52 of 3rd period - Snap shot by Riley Armstrong.
13:52 of 3rd period - Shot Blocked by Marcus Johansson.
13:54 of 3rd period - Slapshot by Denis Bodrov.
13:54 of 3rd period - Shot Blocked by Marcus Johansson.
13:56 of 3rd period - Slapshot by Denis Bodrov.
13:56 of 3rd period - Goal by Denis Bodrov - Little Stars : 5 - Mustangs : 5.
13:57 of 3rd period - Riley Armstrong wins face-off versus Brian Flynn in neutral zone.
14:08 of 3rd period - Slapshot by Raphael Diaz.
14:08 of 3rd period - Deflect By Marcus Johansson.
14:08 of 3rd period - Shot Misses the Net.
14:08 of 3rd period - Puck is out of play.
14:09 of 3rd period - Riley Armstrong wins face-off versus Brian Flynn in Mustangs zone.
14:09 of 3rd period - Riley Armstrong is hit by Mathieu Roy.
14:17 of 3rd period - Snap shot by Josh Jooris.
14:17 of 3rd period - Stopped by Peter Budaj with a rebound.
14:57 of 3rd period - Off-side.
14:58 of 3rd period - Jim O'Brien wins face-off versus Andrej Nestrasil in neutral zone.
15:20 of 3rd period - Minor Penalty to Jesper Fast for Roughing.
15:21 of 3rd period - Riley Armstrong wins face-off versus Marcus Johansson in Little Stars zone.
15:25 of 3rd period - Snap shot by Riley Armstrong.
15:25 of 3rd period - Shot Misses the Net.
15:29 of 3rd period - Wrist shot by Ben Eager.
15:29 of 3rd period - Stopped by Peter Budaj with a rebound.
15:31 of 3rd period - Snap shot by Denis Bodrov.
15:31 of 3rd period - Deflect By Marcus Johansson.
15:31 of 3rd period - Goal by Denis Bodrov - Little Stars : 5 - Mustangs : 6.
15:32 of 3rd period - Andrej Nestrasil wins face-off versus Jim O'Brien in neutral zone.
15:32 of 3rd period - Mathieu Roy is hit by Andrew Shaw and loses puck.
15:53 of 3rd period - Minor Penalty to Andrew Shaw for Hooking.
15:54 of 3rd period - Brian Flynn wins face-off versus Riley Armstrong in Mustangs zone.
16:09 of 3rd period - Snap shot by Mathieu Roy.
16:09 of 3rd period - Shot Blocked by Ben Eager.
16:59 of 3rd period - Snap shot by Riley Armstrong.
16:59 of 3rd period - Stopped by Peter Budaj without a rebound.
17:00 of 3rd period - Dana Tyrell wins face-off versus Riley Nash in Little Stars zone.
17:26 of 3rd period - Riley Armstrong is hit by Mathieu Roy and loses puck.
17:53 of 3rd period - Penalty to Andrew Shaw is over, Andrew Shaw is back on ice.
18:23 of 3rd period - Yannick Weber is hit by Eric Wellwood and loses puck.
19:05 of 3rd period - Little Stars, Peter Budaj is pulled from the net.
19:05 of 3rd period - Slapshot by Raphael Diaz.
19:05 of 3rd period - Stopped by Peter Mannino with a rebound.
19:14 of 3rd period - Snap shot by Ben Eager.
19:14 of 3rd period - Shot Misses the Net.
19:16 of 3rd period - Backhand shot by Josh Jooris.
19:16 of 3rd period - Goal by Josh Jooris - Little Stars : 5 - Mustangs : 7.
19:16 of 3rd period - Peter Budaj from Little Stars was sent back in the game.
19:17 of 3rd period - Riley Armstrong wins face-off versus Andrej Nestrasil in neutral zone.
19:22 of 3rd period - Wrist shot by Ben Eager.
19:22 of 3rd period - Stopped by Peter Budaj with a rebound.
Goals for this period are 1 for Little Stars vs 4 for Mustangs.
Shots for this period are 4 for Little Stars vs 17 for Mustangs.